| TOP OF THE 1ST |
|
Greenville Drive batting - Pitching for Delmarva Shorebirds : RHP Steve Webb
|
|
Pitching: RHP Steve Webb
|
|
|
Batting: RHB Aukukero Tairi
|
0-0: Ball 1-0: Ground out 4-3 (Groundball, 4, EV 104.4 MPH)
|
|
Batting: SHB Salvador Padilla
|
0-0: Called Strike 0-1: Ball 1-1: Ground out 5-3 (Groundball, 56, EV 101.2 MPH)
|
|
Batting: SHB Robert Soto
|
0-0: Swinging Strike 0-1: Swinging Strike 0-2: Ball 1-2: Strikes out swinging
|
| Top of the 1st over - 0 runs, 0 hits, 0 errors, 0 left on base; Greenville 0 - Delmarva 0 |
| BOTTOM OF THE 1ST |
|
Delmarva Shorebirds batting - Pitching for Greenville Drive : RHP Lukasha Sheigus
|
|
Pitching: RHP Lukasha Sheigus
|
|
|
Batting: RHB Kevin Popowicz
|
0-0: Ball 1-0: Swinging Strike 1-1: Foul Ball, location: 2F 1-2: Ball 2-2: Ball 3-2: Foul Ball, location: 2F 3-2: Strikes out swinging
|
|
Batting: LHB Pat Fontana
|
0-0: Ball 1-0: Ball 2-0: Foul Ball, location: 2F 2-1: Foul Ball, location: 2F 2-2: Hit by Pitch
|
|
Batting: RHB Maup Gommers
|
0-0: Swinging Strike 0-1: Ball 1-1: Called Strike 1-2: Ball 2-2: Foul Ball, location: 2F 2-2: Strikes out swinging
|
|
Batting: RHB Ken Manser
|
0-0: Ground out U3 (Groundball, 3, EV 88.1 MPH)
|
| Bottom of the 1st over - 0 runs, 0 hits, 0 errors, 1 left on base; Greenville 0 - Delmarva 0 |
| TOP OF THE 2ND |
|
Greenville Drive batting - Pitching for Delmarva Shorebirds : RHP Steve Webb
|
|
Batting: LHB Danny Montoya
|
0-0: Ball 1-0: Called Strike 1-1: Foul Ball, location: 2F 1-2: Foul Ball, location: 2F 1-2: Ball 2-2: Foul Ball, location: 2F 2-2: SINGLE (Groundball, 56S, EV 63.8 MPH) (infield hit)
|
|
Batting: RHB Alex Cardenas
|
0-0: Called Strike 0-1: Ball 1-1: Foul Ball, location: 2F 1-2: Ball 2-2: Grounds into double play, 5-4-3 (Groundball, 56, EV 83.8 MPH)
|
|
Batting: RHB Adugna Chandu
|
0-0: Foul Ball, location: 2F 0-1: Ground out 6-3 (Groundball, 6, EV 104.4 MPH)
|
| Top of the 2nd over - 0 runs, 1 hit, 0 errors, 0 left on base; Greenville 0 - Delmarva 0 |
| BOTTOM OF THE 2ND |
|
Delmarva Shorebirds batting - Pitching for Greenville Drive : RHP Lukasha Sheigus
|
|
Batting: LHB Sam Williams
|
0-0: Ball 1-0: Ground out 1-3 (Groundball, 13, EV 73.1 MPH)
|
|
Batting: RHB Chris McGuirk
|
0-0: Ball 1-0: Swinging Strike 1-1: Foul Ball, location: 2F 1-2: Ball 2-2: Ground out U3 (Groundball, 3L, EV 105.0 MPH)
|
|
Batting: RHB Mike Pitts
|
0-0: Ball 1-0: Ball 2-0: Called Strike 2-1: Ball 3-1: Base on Balls
|
|
Batting: RHB Carlos Teniente
|
0-0: Called Strike 0-1: Ball 1-1: Called Strike Mike Pitts steals 2nd base 1-2: Ground out 3-1 (Groundball, 34, EV 87.5 MPH)
|
| Bottom of the 2nd over - 0 runs, 0 hits, 0 errors, 1 left on base; Greenville 0 - Delmarva 0 |
| TOP OF THE 3RD |
|
Greenville Drive batting - Pitching for Delmarva Shorebirds : RHP Steve Webb
|
|
Batting: RHB Mario Arriero
|
0-0: Foul Ball, location: 2F 0-1: Swinging Strike 0-2: Strikes out swinging
|
|
Batting: LHB Robert Gonzalez
|
0-0: Foul Ball, location: 2F 0-1: Ball 1-1: Ball 2-1: Foul Ball, location: 2F 2-2: Strikes out swinging
|
|
Batting: RHB Bobby Schimke
|
0-0: Ground out 5-3 (Groundball, 56S, EV 83.1 MPH)
|
| Top of the 3rd over - 0 runs, 0 hits, 0 errors, 0 left on base; Greenville 0 - Delmarva 0 |
| BOTTOM OF THE 3RD |
|
Delmarva Shorebirds batting - Pitching for Greenville Drive : RHP Lukasha Sheigus
|
|
Batting: RHB Ruben Domingues
|
0-0: Called Strike 0-1: Ball 1-1: Ball 2-1: Fly out, F6 (Popup, 4M, EV 71.9 MPH)
|
|
Batting: RHB Kevin Popowicz
|
0-0: SINGLE (Line Drive, 9S, EV 99.4 MPH)
|
|
Batting: LHB Pat Fontana
|
0-0: Fly out, F4 (Line Drive, 4M, EV 72.5 MPH)
|
|
Batting: RHB Maup Gommers
|
0-0: Ball 1-0: Fly out, F7 (Flyball, 7, EV 95.6 MPH)
|
| Bottom of the 3rd over - 0 runs, 1 hit, 0 errors, 1 left on base; Greenville 0 - Delmarva 0 |
| TOP OF THE 4TH |
|
Greenville Drive batting - Pitching for Delmarva Shorebirds : RHP Steve Webb
|
|
Batting: RHB Aukukero Tairi
|
0-0: Swinging Strike 0-1: Foul Ball, location: 2F 0-2: Strikes out swinging
|
|
Batting: SHB Salvador Padilla
|
0-0: Ball 1-0: Ball 2-0: Ball 3-0: Base on Balls
|
|
Batting: SHB Robert Soto
|
0-0: Ball 1-0: Called Strike 1-1: Ball 2-1: SINGLE (Groundball, 34D, EV 103.8 MPH) Salvador Padilla to second Runner from 2nd tries for 3rd, SAFE, throw by RF made to third
|
|
Batting: LHB Danny Montoya
|
0-0: Called Strike 0-1: Fielders Choice at 2nd, 4-6 (Groundball, 4, EV 103.1 MPH) Salvador Padilla scores
|
|
Batting: RHB Alex Cardenas
|
0-0: Ball Danny Montoya is caught stealing 2nd base 2-4
|
| Top of the 4th over - 1 run, 1 hit, 0 errors, 0 left on base; Greenville 1 - Delmarva 0 |
| BOTTOM OF THE 4TH |
|
Delmarva Shorebirds batting - Pitching for Greenville Drive : RHP Lukasha Sheigus
|
|
Batting: RHB Ken Manser
|
0-0: Called Strike 0-1: Foul Ball, location: 2F 0-2: Ground out 3-1 (Groundball, 34, EV 106.9 MPH)
|
|
Batting: LHB Sam Williams
|
0-0: Called Strike 0-1: Ball 1-1: Fly out, F9 (Line Drive, 9S, EV 97.5 MPH)
|
|
Batting: RHB Chris McGuirk
|
0-0: Ground out 5-3 (Groundball, 56S, EV 81.2 MPH)
|
| Bottom of the 4th over - 0 runs, 0 hits, 0 errors, 0 left on base; Greenville 1 - Delmarva 0 |
| TOP OF THE 5TH |
|
Greenville Drive batting - Pitching for Delmarva Shorebirds : RHP Steve Webb
|
|
Batting: RHB Alex Cardenas
|
0-0: Ball 1-0: Foul Ball, location: 2F 1-1: Ball 2-1: Foul Ball, location: 2F 2-2: Ball 3-2: Base on Balls
|
|
Batting: RHB Adugna Chandu
|
0-0: Called Strike 0-1: Foul Ball, location: 2F 0-2: Ball 1-2: Fielders Choice at 2nd, 6-4 (Groundball, 56, EV 108.8 MPH)
|
|
Batting: RHB Mario Arriero
|
0-0: Foul Ball, location: 2F 0-1: Ball 1-1: Ball Wild Pitch! Adugna Chandu to second 2-1: Foul Ball, location: 2F 2-2: Foul Ball, location: 2F 2-2: Fly out, F9 (Line Drive, 89M, EV 99.4 MPH)
|
|
Batting: LHB Robert Gonzalez
|
0-0: Ball 1-0: Foul Ball, location: 2F 1-1: Ball 2-1: Swinging Strike 2-2: Ground out 4-3 (Groundball, 4, EV 91.9 MPH)
|
| Top of the 5th over - 0 runs, 0 hits, 0 errors, 1 left on base; Greenville 1 - Delmarva 0 |
| BOTTOM OF THE 5TH |
|
Delmarva Shorebirds batting - Pitching for Greenville Drive : RHP Lukasha Sheigus
|
|
Batting: RHB Mike Pitts
|
0-0: Foul Ball, location: 2F 0-1: Foul Ball, location: 2F 0-2: SINGLE (Groundball, 56D, EV 100.0 MPH)
|
|
Batting: RHB Carlos Teniente
|
0-0: Called Strike 0-1: Ground out 4-3 (Groundball, 4M, EV 103.8 MPH) Mike Pitts to second
|
|
Batting: RHB Ruben Domingues
|
0-0: Ball 1-0: Ball 2-0: Foul Ball, location: 2F 2-1: Foul Ball, location: 2F 2-2: Strikes out swinging
|
|
Batting: RHB Kevin Popowicz
|
0-0: Ball 1-0: Ball 2-0: Ball 3-0: Called Strike 3-1: Ground out 5-3 (Groundball, 5, EV 95.0 MPH)
|
| Bottom of the 5th over - 0 runs, 1 hit, 0 errors, 1 left on base; Greenville 1 - Delmarva 0 |
| TOP OF THE 6TH |
|
Greenville Drive batting - Pitching for Delmarva Shorebirds : RHP Steve Webb
|
|
Batting: RHB Bobby Schimke
|
0-0: Called Strike 0-1: Ball 1-1: Called Strike 1-2: Ball 2-2: Ball 3-2: Fly out, F8 (Flyball, 8LM, EV 76.2 MPH)
|
|
Batting: RHB Aukukero Tairi
|
0-0: Ball 1-0: Ball 2-0: Foul Ball, location: 2F 2-1: Called Strike 2-2: Strikes out looking
|
|
Batting: SHB Salvador Padilla
|
0-0: Called Strike 0-1: Ball 1-1: Swinging Strike 1-2: Ground out 6-3 (Groundball, 6, EV 76.2 MPH)
|
| Top of the 6th over - 0 runs, 0 hits, 0 errors, 0 left on base; Greenville 1 - Delmarva 0 |
| BOTTOM OF THE 6TH |
|
Delmarva Shorebirds batting - Pitching for Greenville Drive : RHP Lukasha Sheigus
|
|
Batting: LHB Pat Fontana
|
0-0: Swinging Strike 0-1: Ball 1-1: Called Strike 1-2: SINGLE (Groundball, 56D, EV 100.6 MPH)
|
|
Batting: RHB Maup Gommers
|
0-0: Ball 1-0: Fly out, F4 (Popup, 4M, EV 70.6 MPH)
|
|
Batting: RHB Ken Manser
|
0-0: Foul Ball, location: 2F 0-1: Ball Pat Fontana is caught stealing 2nd base 2-4 1-1: Called Strike 1-2: Ball 2-2: Strikes out swinging
|
| Bottom of the 6th over - 0 runs, 1 hit, 0 errors, 0 left on base; Greenville 1 - Delmarva 0 |
| TOP OF THE 7TH |
|
Greenville Drive batting - Pitching for Delmarva Shorebirds : RHP Steve Webb
|
|
Batting: SHB Robert Soto
|
0-0: Ball 1-0: Foul Ball, location: 2F 1-1: Ball 2-1: SINGLE (Groundball, 4MD, EV 96.9 MPH)
|
|
Batting: LHB Danny Montoya
|
0-0: Ball 1-0: Grounds into double play, 4-6-3 (Groundball, 4, EV 88.1 MPH)
|
|
Batting: RHB Alex Cardenas
|
0-0: Ground out 6-3 (Groundball, 6, EV 106.9 MPH)
|
| Top of the 7th over - 0 runs, 1 hit, 0 errors, 0 left on base; Greenville 1 - Delmarva 0 |
| BOTTOM OF THE 7TH |
|
Delmarva Shorebirds batting - Pitching for Greenville Drive : RHP Lukasha Sheigus
|
|
Batting: LHB Sam Williams
|
0-0: Foul Ball, location: 2F 0-1: Ball 1-1: Foul Ball, location: 2F 1-2: Ball 2-2: Foul Ball, location: 2F 2-2: Ball 3-2: SINGLE (Groundball, 34D, EV 102.5 MPH)
|
|
Batting: RHB Chris McGuirk
|
0-0: Foul Ball, location: 2F 0-1: SINGLE (Groundball, 34D, EV 106.9 MPH) Sam Williams to second Runner from 2nd tries for 3rd, SAFE, throw by RF made to third
|
|
Batting: RHB Mike Pitts
|
0-0: Called Strike 0-1: Ball 1-1: Called Strike 1-2: SINGLE (Groundball, 56D, EV 100.0 MPH) Sam Williams scores Chris McGuirk to second
|
|
Batting: RHB Carlos Teniente
|
0-0: Ball 1-0: Ball 2-0: Fielders Choice at 2nd, 5-4 (Groundball, 5, EV 88.1 MPH) Chris McGuirk to third
|
|
Pitching: RHP Jon Olivo
|
|
|
Pinch Hitting: SHB Eric Kelley
|
0-0: Foul Ball, location: 2F 0-1: Called Strike 0-2: Grounds out, U3 (Groundball, 3L, EV 106.2 MPH) Chris McGuirk scores
|
|
Batting: RHB Kevin Popowicz
|
0-0: Called Strike 0-1: Ball 1-1: Fly out, F8 (Flyball, 8LD, EV 84.4 MPH)
|
| Bottom of the 7th over - 2 runs, 3 hits, 0 errors, 1 left on base; Greenville 1 - Delmarva 2 |
| TOP OF THE 8TH |
|
Greenville Drive batting - Pitching for Delmarva Shorebirds : RHP Steve Webb
|
|
Now in CF: Eric Kelley
|
|
|
Batting: RHB Adugna Chandu
|
0-0: Ball 1-0: Called Strike 1-1: Ball 2-1: Ball 3-1: Ground out 5-3 (Groundball, 5L, EV 103.1 MPH)
|
|
Pitching: RHP Nick Hodge
|
|
|
Pinch Hitting: LHB Carlos Guerra
|
0-0: Ball 1-0: Ground out U3 (Groundball, 3L, EV 76.2 MPH)
|
|
Batting: LHB Robert Gonzalez
|
0-0: Ball 1-0: Swinging Strike 1-1: Ball 2-1: Ball 3-1: SINGLE (Groundball, 4MD, EV 102.5 MPH)
|
|
Pinch Hitting: LHB Eddie Contreras
|
0-0: Ball 1-0: Fly out, F9 (Flyball, 9S, EV 98.1 MPH)
|
| Top of the 8th over - 0 runs, 1 hit, 0 errors, 1 left on base; Greenville 1 - Delmarva 2 |
| BOTTOM OF THE 8TH |
|
Delmarva Shorebirds batting - Pitching for Greenville Drive : RHP Jon Olivo
|
|
Now at 2B: Matt Parker
|
|
|
Now at SS: Adugna Chandu
|
|
|
Now in LF: Carlos Guerra
|
|
|
Batting: LHB Pat Fontana
|
0-0: Called Strike 0-1: Called Strike 0-2: Ball 1-2: Ball 2-2: Foul Ball, location: 2F 2-2: Ball 3-2: Foul Ball, location: 2F 3-2: Base on Balls
|
|
Batting: RHB Maup Gommers
|
0-0: Ball Pat Fontana steals 2nd base 1-0: Called Strike 1-1: Ball Pat Fontana steals 3rd, throwing error, E2 Pat Fontana scores 2-1: Ground out U3 (Groundball, 3L, EV 82.5 MPH)
|
|
Batting: RHB Ken Manser
|
0-0: Ball 1-0: Ball 2-0: Ball 3-0: Fly out, F9 (Flyball, 89M, EV 93.8 MPH)
|
|
Batting: LHB Sam Williams
|
0-0: Ball 1-0: Called Strike 1-1: Ball 2-1: Ball 3-1: SINGLE (Flyball, 34D, EV 87.5 MPH)
|
|
Batting: RHB Chris McGuirk
|
0-0: Ball 1-0: Ball 2-0: Called Strike 2-1: Ball 3-1: Foul Ball, location: 2F 3-2: Ground out 5-3 (Groundball, 56, EV 103.1 MPH)
|
| Bottom of the 8th over - 1 run, 1 hit, 1 error, 1 left on base; Greenville 1 - Delmarva 3 |
| TOP OF THE 9TH |
|
Greenville Drive batting - Pitching for Delmarva Shorebirds : RHP Nick Hodge
|
|
Pitching: LHP Ronnie Pickering
|
|
|
Batting: RHB Aukukero Tairi
|
0-0: Called Strike 0-1: Called Strike 0-2: Ground out U3 (Groundball, 34, EV 80.6 MPH)
|
|
Batting: SHB Salvador Padilla
|
0-0: Ball 1-0: Ball 2-0: Ball 3-0: Called Strike 3-1: Called Strike 3-2: Base on Balls
|
|
Batting: SHB Robert Soto
|
0-0: Ball 1-0: Ball 2-0: Foul Ball, location: 2F 2-1: Ball 3-1: Called Strike 3-2: Base on Balls Salvador Padilla to second
|
|
Pinch Hitting: RHB Guillermo Quintero
|
0-0: Called Strike 0-1: Ball 1-1: Fly out, F7 (Flyball, 7, EV 95.0 MPH)
|
|
Batting: RHB Alex Cardenas
|
0-0: Ball 1-0: Foul Ball, location: 2F 1-1: Called Strike 1-2: Ball 2-2: Strikes out swinging
|
| Top of the 9th over - 0 runs, 0 hits, 0 errors, 2 left on base; Greenville 1 - Delmarva 3 |
|